 Seeded DCSS version 0.30-a0-930-gb9d0489357 (webtiles) character file.

Game seed: 3125986916090331667 (custom seed)

2 Parcival the Shield-Bearer (level 1, 18/18 HPs)
             Began as a Human Fighter on Mar 23, 2023.
             Quit the game on level 1 of the Dungeon.
             The game lasted 00:00:23 (88 turns).

Parcival the Shield-Bearer (Human Fighter)            Turns: 88, Time: 00:00:23

Health: 18/18      AC:  6    Str: 16    XL:     1   Next: 33%
Magic:  1/1        EV:  8    Int:  8    God:
Gold:   0          SH:  4    Dex: 12    Spells: 0/0 levels left

rFire   . . .      SeeInvis .    a - +0 long sword
rCold   . . .      Faith    .    c - +0 buckler
rNeg    . . .      Spirit   .    b - +0 scale mail
rPois   .          Reflect  .    (no helmet)
rElec   .          Rampage  .    (no cloak)
rCorr   .                        (no gloves)
Will    .....                    (no boots) Stlth
                                 (no amulet)
HPRegen 0.23/turn                (no ring)
MPRegen 0.07/turn                (no ring)

@: no status effects
A: no striking features
a: no special abilities


You were on level 1 of the Dungeon.
You visited 1 branch of the dungeon, and saw 1 of its levels.

Inventory:

Hand Weapons
 a - a +0 long sword (weapon)
Armour
 b - a +0 scale mail (worn)
 c - a +0 buckler (worn)
Scrolls
 e - a scroll of acquirement
Potions
 d - a potion of might


   Skills:
 + Level 3.0 Fighting
 + Level 2.0 Long Blades
 + Level 3.0 Armour
 + Level 3.0 Shields


You couldn't memorise any spells.
You didn't know any spells.
Your spell library was empty.

Dungeon Overview and Level Annotations

Branches:
Dungeon (1/15)

Altars:


Message History

The endoplasm quivers.
A goblin comes into view. It is wielding a +0 dagger.
Found a scroll labelled ROKLIF FIDEHY.
The endoplasm freezes you.
You are frozen.
Unknown command.
The endoplasm closely misses you. The goblin hits you but does no damage.
The goblin attacks as you move away! The goblin barely misses you.
The endoplasm barely misses you.
You hit the endoplasm.
The endoplasm is heavily wounded.
The goblin hits you but does no damage. The endoplasm hits you.
You hit the endoplasm.
The endoplasm is severely wounded.
The goblin closely misses you. The endoplasm freezes you.
You are frozen.
You hit the endoplasm but do no damage.
The endoplasm is severely wounded.
The endoplasm freezes you.
You are frozen.
The goblin hits you but does no damage. The goblin barely misses you.
The endoplasm freezes you.
You are frozen.
You hit the endoplasm.
You kill the endoplasm!
The goblin hits you with a +0 dagger. The goblin hits you but does no damage.
The goblin hits you with a +0 dagger.
You closely miss the goblin. The goblin hits you with a +0 dagger.
* * * LOW HITPOINT WARNING * * *
You barely miss the goblin. The goblin hits you but does no damage.
The goblin barely misses you.
You slash the goblin!
You kill the goblin!
You see here a +0 dagger.
HP restored.
e - a scroll labelled ROKLIF FIDEHY This is a scroll of acquirement!
Are you sure you want to abandon this character and quit the game? (Confirm with "yes".)

.#.###### #
........# #.#~.
###@####..+.P
#.........#~.
#.......#.#~.
..###....#....##~
.........>.....##
..###.#.........#
#...)...###
#......##
####.###


There were no monsters in sight!

Vanquished Creatures
  An endoplasm (D:1)
  A goblin (D:1)
2 creatures vanquished.

Notes
Turn   | Place    | Note
-------+----------+-------------------------------------------
     0 | D:1      | Parcival the Human Fighter began the quest for the Orb.
     0 | D:1      | Reached XP level 1. HP: 18/18 MP: 1/1
    88 | D:1      | Identified a scroll of acquirement
    88 | D:1      | Quit the game

Illustrated notes

Levels and vault maps discovered:
D:1:      amcnicky_arrival_single_pillar, layout_loops_cross,
          hangedman_glass_garden

Action                     || total
---------------------------++-------
  Melee: Long sword        ||     7
 Armour: Scale mail        ||     5
  Dodge: Dodged            ||     6

Table legend: (Time is in decaauts)
 A = Elapsed time spent in this place.
 B = Non-inter-level travel time spent in this place.
 C = Inter-level travel time spent in this place.
 D = Time resting spent in this place.
 E = Time spent auto-exploring this place.
 F = Levels seen in this place.
 G = Mean time per level.
                   A        B        C        D        E       F      G
               +--------+--------+--------+--------+--------+-----+--------+
         Total |     90 |     90 |      0 |      0 |     68 |   1 |   90.0 |
       Dungeon |     90 |     90 |      0 |      0 |     68 |   1 |   90.0 |
               +--------+--------+--------+--------+--------+-----+--------+

Top non-repeatable levels by time:
     D:1: 90 daAuts
